 Dungeon Crawl Stone Soup version 0.21.1-1-g345015f (webtiles) character file.

76995 kae the Bludgeoner (level 15, -3/137 HPs)
             Began as a Minotaur Fighter on June 14, 2018.
             Was the Champion of Makhleb.
             Slain by an orc warrior
             ... wielding a +0 scimitar
             ... led by an orc knight
              (24 damage)
             ... on level 2 of the Orcish Mines.
             The game lasted 00:23:02 (23684 turns).

kae the Bludgeoner (Minotaur Fighter)              Turns: 23684, Time: 00:23:02

Health: -3/137     AC: 14    Str: 26    XL:     15   Next: 14%
Magic:  20/20      EV: 15    Int:  7    God:    Makhleb [******]
Gold:   1963       SH:  3    Dex: 16    Spells: 14/14 levels left

rFire    + + .     SeeInvis .   s - +5 dire flail (crush)
rCold    + . .     Gourm    .   (shield currently unavailable)
rNeg     . . .     Faith    .   K - +3 ring mail of Resourcefulness {rF+ Dex+4}
rPois    +         Spirit   .   (helmet restricted)
rElec    .         Reflect  +   N - scarf {rC+ rF+}
rCorr    .         Harm     .   v - +2 pair of gloves
MR       +....                  (no boots)
Stlth    +.........             q - +3 amulet of reflection
HPRegen  0.32/turn              L - ring of poison resistance
MPRegen  0.17/turn              B - +3 ring of strength

@: no status effects
A: retaliatory headbutt, horns 2
a: Minor Destruction, Lesser Servant of Makhleb, Major Destruction, Greater
Servant of Makhleb, Renounce Religion


You were on level 2 of the Orcish Mines.
You worshipped Makhleb.
Makhleb was exalted by your worship.
You were very hungry.

You visited 4 branches of the dungeon, and saw 22 of its levels.

You collected 1963 gold pieces.

Inventory:

Hand Weapons
 o - the +6 demon whip of Balyme {freeze, rC+ Str+3 Int+4 Dex-5, unknown}
   (You acquired it on level 1 of the Orcish Mines)

   It has been specially enchanted to freeze those struck by it, causing extra
   injury to most foes and up to half again as much damage against particularly
   susceptible opponents.
   It can also slow down cold-blooded creatures.
   It affects your strength (+3).
   It affects your intelligence (+4).
   It affects your dexterity (-5).
   It protects you from cold.
 s - a +5 dire flail of crushing (weapon)
 A - a +1 mace of freezing
Missiles
 x - 2 throwing nets (quivered)
Armour
 p - the +0 ring mail "Ileast" {rPois rN+ Regen+}
   (You found it on level 13 of the Dungeon)

   It protects you from poison.
   It protects you from negative energy.
   It increases your rate of regeneration.
 v - a +2 pair of gloves (worn)
 F - a scarf of cloud immunity
 K - the +3 ring mail of Resourcefulness (worn) {rF+ Dex+4}
   (You found it on level 12 of the Dungeon)

   It affects your dexterity (+4).
   It protects you from fire.
 N - a scarf of resistance (worn)
 Q - the +0 plate armour of Pessimism {rF+}
   (You found it on level 9 of the Dungeon)

   It protects you from fire.
 S - the +3 ring mail of Twilight {Int+2}
   (You found it on level 8 of the Dungeon)

   It affects your intelligence (+2).
Jewellery
 a - an uncursed ring of protection from cold
 c - an uncursed ring of flight
 e - an uncursed amulet of rage
 q - a +3 amulet of reflection (around neck)
 B - a +3 ring of strength (right hand)
 E - an uncursed ring of protection from magic
 L - a ring of poison resistance (left hand)
Wands
 k - a wand of clouds (2)
 r - a wand of enslavement (22)
 t - a wand of iceblast (15)
 y - a wand of polymorph (15)
 C - a wand of digging (19)
 D - a wand of acid (6)
 J - a wand of random effects (54)
 M - a wand of paralysis (20)
 T - a wand of flame (53)
Scrolls
 j - 13 scrolls of remove curse
 w - 3 scrolls of blinking
 O - 4 scrolls of teleportation
 R - 3 scrolls of fog
 V - 3 scrolls of fear
 W - 3 scrolls of magic mapping
Potions
 b - a potion of resistance
 d - a potion of might
 g - 7 potions of heal wounds
 h - 4 potions of magic
 l - 5 potions of curing
 n - 2 potions of mutation
 u - a potion of cancellation
 z - a potion of agility
 G - 2 potions of invisibility
 H - a potion of lignification
 I - a potion of ambrosia
 P - 3 potions of brilliance
 X - 2 potions of haste
Books
 m - a book of Battle

   Spells                             Type                      Level
   a - Infusion                       Charms                       1
   b - Shroud of Golubria             Charms/Translocation         2
   c - Song of Slaying                Charms                       2
   d - Spectral Weapon                Hexes/Charms                 3
   e - Regeneration                   Charms/Necromancy            3
Comestibles
 f - 33 rations


   Skills:
 + Level 13.7 Fighting
 * Level 18.3 Maces & Flails
 + Level 13.9 Armour
 + Level 6.2 Dodging
   Level 9.7 Shields
 + Level 9.1 Invocations
 - Level 6.3 Evocations


You had 14 spell levels left.
You didn't know any spells.

Dungeon Overview and Level Annotations

Branches:
Dungeon (13/15)            Temple (1/1) D:6            Lair (6/6) D:11
 Shoals (0/4) Lair:3       Spider (0/4) Lair:4        Slime (0/5) Lair:6
    Orc (2/2) D:9          Vaults (0/5) D:13
    Elf: Orc:2

Altars:
Ashenzari
Cheibriados
Dithmenos
Elyvilon
Fedhas
Gozag
Hepliaklqana
Kikubaaqudgha
Makhleb
Nemelex Xobeh
Okawaru
Qazlal
Ru
Sif Muna
Trog
Uskayaw
Vehumet
Wu Jian
Xom
Yredelemnul
Zin
The Shining One
Beogh
Lugonu

Shops:
D:9 %(

Annotations:
Lair:6 2 runed doors


Innate Abilities, Weirdness & Mutations

You reflexively headbutt those who attack you in melee.
You have a pair of horns on your head.


Message History

You are feeling very hungry.
You hear some strange, mumbled words.
A magic dart appears from out of thin air!
The magic dart hits you!
* * * LOW HITPOINT WARNING * * *
The orc warrior hits you with a scimitar!
* * * LOW HITPOINT WARNING * * *
You closely miss the orc warrior. Your headbutt misses the orc warrior.
The orc warrior is severely wounded.
The orc wizard no longer looks unusually strong.
The orc wizard misses you. You furiously retaliate!
You headbutt the orc wizard, but do no damage.
You hit the orc warrior. You headbutt the orc warrior.
The orc warrior is almost dead.
You hear some strange, mumbled words.
Something tries to affect you, but you resist.
The orc wizard gestures wildly while chanting.
The orc wizard seems to speed up.
The orc warrior hits you with a scimitar!!
You die...

##...........
##$#.........
#...........###
#...........#.#.
#...............
##..............
#......o).......
#..)..)@o......
##.<...)........
#...$...........
##..............
#.....).)..#....
#$.<..))).......
##.##.#)#.......
###...##.......
##.## .......


You could see an orc warrior and an orc wizard.

Vanquished Creatures
  A stone giant (Orc:2)
  Nessos (D:13)
  Josephine (D:11)
  4 vault guards (D:13)
  8 hydras
  7 two-headed ogres
  The ghost of sking99 the Grappler, a novice TrMo (D:10)
  4 centaur warriors
  6 death yaks (Lair:6)
  The ghost of Bareth the Spear-Bearer, a novice MiBe of Trog (D:9)
  A tengu warrior (D:13)
  Urug (Lair:2)
  Sonja (Lair:2)
  3 unseen horrors
  A lindwurm (Lair:6)
  3 orc knights
  A deep elf mage (D:13)
  3 orc sorcerers
  5 ugly things
  A merfolk siren (Lair:3)
  19 elephants
  6 black mambas
  3 molten gargoyles (Lair:6)
  13 spiny frogs
  A rime drake (Lair:5)
  9 komodo dragons
  A kobold demonologist (D:13)
  8 trolls
  3 meliai (D:13)
  A merfolk (Lair:3)
  3 hornets
  A polar bear (Lair:6)
  10 hippogriffs
  2 slime creatures (Lair:6)
  6 dream sheep (Lair:5)
  2 redbacks (Lair:4)
  5 wraiths (D:11)
  40 yaks
  4 wyverns
  2 hungry ghosts
  2 steam dragons (Lair:6)
  5 basilisks
  8 small abominations (D:9)
  A fire elemental (Lair:5)
  2 vampire mosquitoes (D:12)
  A soldier ant (D:8)
  3 wargs (Orc:1)
  10 water moccasins
  7 porcupines
  4 hell hounds (Lair:6)
  3 sky beasts
  A necrophage (D:9)
  16 orc warriors
  6 ice beasts
  An eye of draining (D:13)
  4 phantoms
  11 ogres
  4 wolves (Lair:6)
  10 centaurs
  7 crocodiles
  A big kobold (D:13)
  23 bullfrogs
  2 wyvern skeletons (D:13)
  5 scorpions
  6 killer bees (D:12)
  A howler monkey (D:5)
  14 wights
  5 bullfrog zombies
  5 lava snakes (Lair:6)
  4 crimson imps
  3 centaur zombies
  4 jellies
  3 hounds
  12 orc priests
  4 bullfrog skeletons
  3 centaur skeletons
  14 orc wizards
  6 iguanas
  10 worker ants
  2 hound skeletons
  Robin (D:3)
  4 gnolls (D:7)
  A howler monkey skeleton (D:11)
  13 adders
  5 shadow imps
  2 oozes (D:2)
  An adder zombie (D:5)
  An adder skeleton (D:7)
  2 worms
  4 dart slugs
  10 leopard geckos
  73 orcs
  5 giant cockroaches
  17 goblins
  10 hobgoblins
  12 jackals
  12 kobolds
  2 quokkas
  A ball python (D:3)
  9 bats
  5 frilled lizards
  A jackal skeleton (D:9)
  A quokka skeleton (D:4)
  7 rats
625 creatures vanquished.

Vanquished Creatures (others)
  A centaur (D:9)
  31 fungi
  6 plants
38 creatures vanquished.

Grand Total: 663 creatures vanquished

Notes
Turn   | Place    | Note
-------+----------+-------------------------------------------
     0 | D:1      | kae the Minotaur Fighter began the quest for the Orb.
     0 | D:1      | Reached XP level 1. HP: 19/19 MP: 0/0
   207 | D:1      | Reached XP level 2. HP: 27/27 MP: 1/1
   235 | D:1      | Reached skill level 3 in Maces & Flails
   433 | D:1      | Reached XP level 3. HP: 33/33 MP: 2/2
  1009 | D:2      | Reached XP level 4. HP: 27/40 MP: 3/3
  1141 | D:2      | Found a bloodstained altar of Trog.
  1230 | D:2      | Found a sparkling altar of Nemelex Xobeh.
  1233 | D:2      | Found a shimmering altar of Xom.
  1242 | D:2      | Reached skill level 4 in Maces & Flails
  1532 | D:2      | Found a hazy altar of Hepliaklqana.
  1749 | D:3      | Reached XP level 5. HP: 43/47 MP: 4/4
  1918 | D:3      | Noticed Robin
  1945 | D:3      | Killed Robin
  2298 | D:4      | Reached skill level 5 in Maces & Flails
  2298 | D:4      | Reached skill level 1 in Evocations
  2330 | D:4      | Reached XP level 6. HP: 22/55 MP: 5/5
  2698 | D:4      | Reached skill level 5 in Fighting
  2698 | D:4      | Reached skill level 5 in Armour
  2698 | D:4      | Reached skill level 5 in Shields
  3083 | D:5      | Entered Level 5 of the Dungeon
  3108 | D:5      | Reached XP level 7. HP: 35/61 MP: 7/7
  3242 | D:5      | Reached skill level 6 in Maces & Flails
  4043 | D:5      | Reached XP level 8. HP: 59/70 MP: 9/9
  4202 | D:6      | Reached skill level 7 in Maces & Flails
  4593 | D:6      | Reached skill level 8 in Maces & Flails
  4704 | D:6      | Found a staircase to the Ecumenical Temple.
  4784 | Temple   | Entered the Ecumenical Temple
  5261 | D:7      | Noticed a hippogriff
  5273 | D:7      | Killed a hippogriff
  5273 | D:7      | Reached XP level 9. HP: 46/78 MP: 10/10
  5515 | D:7      | Reached skill level 9 in Maces & Flails
  6223 | D:7      | Found a deep blue altar of Sif Muna.
  6550 | D:8      | Noticed a two-headed ogre
  6573 | D:8      | Killed a two-headed ogre
  6573 | D:8      | Reached skill level 10 in Maces & Flails
  6585 | D:8      | Got a heavily runed ring mail
  6596 | D:8      | Identified the +3 ring mail of Twilight {Int+2} (You found it on level 8 of the Dungeon)
  6620 | D:8      | Noticed a two-headed ogre
  6626 | D:8      | Killed a two-headed ogre
  6626 | D:8      | Reached skill level 5 in Evocations
  6626 | D:8      | Reached XP level 10. HP: 76/88 MP: 12/12
  6639 | D:8      | Noticed a seven-headed hydra
  6639 | D:8      | Noticed a centaur warrior
  6647 | D:8      | Killed a centaur warrior
  6650 | D:8      | Killed a seven-headed hydra
  6650 | D:8      | Reached skill level 11 in Maces & Flails
  6658 | D:8      | Killed an unseen horror
  7289 | D:8      | Noticed a two-headed ogre
  7296 | D:8      | Killed a two-headed ogre
  7583 | D:9      | Found a transporter.
  7615 | D:9      | Reached XP level 11. HP: 78/97 MP: 14/14
  7675 | D:9      | Reached skill level 12 in Maces & Flails
  7686 | D:9      | Noticed a two-headed ogre
  7701 | D:9      | Killed a two-headed ogre
  7777 | D:9      | Found Iguteg's Food Shop.
  7852 | D:9      | Found a burning altar of Makhleb.
  7853 | D:9      | Noticed Bareth's ghost (novice MiBe)
  7908 | D:9      | Killed Bareth's ghost
  8040 | D:9      | Became a worshipper of Makhleb the Destroyer
  8065 | D:9      | Found a staircase to the Orcish Mines.
  8116 | D:9      | Found Jexeqas's Weapon Shop.
  8419 | D:10     | Entered Level 10 of the Dungeon
  8445 | D:10     | Noticed sking99's ghost (novice TrMo)
  8458 | D:10     | Killed sking99's ghost
  8458 | D:10     | Reached skill level 1 in Invocations
  8824 | D:10     | Noticed a two-headed ogre
  8834 | D:10     | Killed a two-headed ogre
  9437 | D:11     | Noticed a two-headed ogre
  9450 | D:11     | Killed a two-headed ogre
  9450 | D:11     | Reached * piety under Makhleb
  9450 | D:11     | Reached skill level 10 in Fighting
  9450 | D:11     | Reached skill level 13 in Maces & Flails
  9450 | D:11     | Reached skill level 10 in Armour
 10257 | D:11     | Noticed Josephine
 10267 | D:11     | Killed Josephine
 10276 | D:11     | Reached XP level 12. HP: 94/107 MP: 15/15
 10289 | D:11     | Reached ** piety under Makhleb
 10665 | D:11     | Found a staircase to the Lair.
 11213 | Lair:1   | Entered Level 1 of the Lair of Beasts
 11428 | Lair:1   | Reached skill level 14 in Maces & Flails
 12568 | Lair:2   | Noticed a five-headed hydra
 12572 | Lair:2   | Killed a five-headed hydra
 12591 | Lair:2   | Noticed Urug
 12597 | Lair:2   | Noticed Sonja
 13072 | Lair:2   | Killed Urug
 13072 | Lair:2   | Reached skill level 5 in Invocations
 13317 | Lair:2   | Reached skill level 15 in Maces & Flails
 13833 | Lair:2   | Killed Sonja
 14372 | Lair:3   | Noticed an eight-headed hydra
 14386 | Lair:3   | Killed an eight-headed hydra
 14905 | Lair:3   | Reached XP level 13. HP: 97/117 MP: 16/16
 14914 | Lair:3   | Found a staircase to the Shoals.
 15603 | Lair:3   | Reached *** piety under Makhleb
 16491 | Lair:4   | Reached skill level 16 in Maces & Flails
 16692 | Lair:4   | Found a hole to the Spider Nest.
 17177 | Lair:5   | Reached skill level 1 in Dodging
 17180 | Lair:5   | Reached **** piety under Makhleb
 18014 | Lair:6   | Entered Level 6 of the Lair of Beasts
 18014 | Lair:6   | Found a staircase to the Slime Pits.
 18373 | Lair:6   | Reached XP level 14. HP: 120/127 MP: 18/18
 18490 | Lair:6   | Reached skill level 17 in Maces & Flails
 19697 | Lair:6   | Reached ***** piety under Makhleb
 19768 | Lair:6   | Found a large runed door.
 19845 | Lair:6   | Found a large runed door.
 21021 | D:13     | Found a gate to the Vaults.
 21034 | D:13     | Reached skill level 5 in Dodging
 21377 | D:13     | Noticed Nessos
 21393 | D:13     | Killed Nessos
 21729 | D:13     | Reached skill level 18 in Maces & Flails
 22281 | D:13     | Found a roughly hewn altar of Beogh.
 22520 | D:13     | Got a brightly glowing ring mail
 22562 | D:12     | Got an ancient ring mail
 22717 | D:9      | Found a corrupted altar of Lugonu.
 22770 | D:9      | Found a transporter.
 22778 | D:9      | Reached ****** piety under Makhleb
 23043 | D:9      | Got a slimy plate armour
 23088 | Orc:1    | Entered Level 1 of the Orcish Mines
 23089 | Orc:1    | Identified a scroll of acquirement
 23090 | Orc:1    | Got an ancient demon whip
 23109 | D:9      | Identified the +0 ring mail "Ileast" {rPois rN+ Regen+} (You found it on level 13 of the Dungeon)
 23119 | D:9      | Identified the +3 ring mail of Resourcefulness {rF+ Dex+4} (You found it on level 12 of the Dungeon)
 23149 | D:9      | Identified the cursed +0 plate armour of Pessimism {rF+} (You found it on level 9 of the Dungeon)
 23185 | Orc:1    | Reached XP level 15. HP: 116/137 MP: 20/20
 23365 | Orc:2    | Entered Level 2 of the Orcish Mines
 23433 | Orc:1    | Found a roughly hewn altar of Beogh.
 23684 | Orc:2    | Slain by an orc warrior

Skill      XL: |  1  2  3  4  5  6  7  8  9 10 11 12 13 14 15 |
---------------+----------------------------------------------+-----
Maces & Flails | 3 4 5 6 8 10 11 13 15 16 18 | 18.3
Shields        | 4 5 7 8 9 |  9.7
Fighting       | 4 5 6 8 9 10 11 12 13 | 13.7
Armour         | 4 5 6 8 9 10 11 12 13 | 13.9
Evocations     | 1 2 3 5 6 |  6.3
Invocations    | 3 5 7 8 9 |  9.1
Dodging        | 3 5 6 |  6.2

Action                   |  1- 3 |  4- 6 |  7- 9 | 10-12 | 13-15 || total
-------------------------+-------+-------+-------+-------+-------++-------
Melee: Flail             |   103 |   185 |    10 |       |       ||   298
       Headbutt          |    14 |    31 |    60 |   132 |   211 ||   448
       Mace              |       |       |   291 |   242 |       ||   533
       Dire flail        |       |       |       |   344 |   862 ||  1206
Invok: Minor Destruction |       |       |       |       |     1 ||     1
Evoke: Wand              |       |       |     4 |    16 |     5 ||    25
  Use: Scroll            |       |    10 |     3 |    13 |    12 ||    38
       Potion            |       |     1 |       |     3 |     6 ||    10
 Stab: Confused          |       |       |     3 |       |       ||     3
       Paralysed         |       |       |    10 |    18 |       ||    28
  Eat: Chunk             |       |     7 |    12 |    18 |    21 ||    58
       Ration            |       |       |       |     3 |     2 ||     5
Armor: Scale mail        |    73 |    96 |    84 |       |       ||   253
       Ring mail         |       |       |       |   186 |   263 ||   449
Dodge: Dodged            |    49 |    57 |    72 |   171 |   346 ||   695
Block: Shield            |    62 |   107 |   152 |   124 |       ||   445
       Reflection        |       |       |       |    11 |     2 ||    13
       Other             |       |       |       |    36 |    72 ||   108
